 Dungeon Crawl Stone Soup version 0.23.0-38-g208d714 (webtiles) character file.

Game seed: 13437392562661166014

6527 HEYYEYAAE the Quickloader (level 11, -5/120 HPs)
             Began as an Octopode Hunter on Feb 27, 2019.
             Was an Elder of Okawaru.
             Slain by an orc warrior
             ... wielding a +0 halberd
              (7 damage)
             ... on level 9 of the Dungeon.
             The game lasted 00:12:55 (10243 turns).

HEYYEYAAE the Quickloader (Octopode Hunter)        Turns: 10243, Time: 00:12:55

Health: -5/120     AC:  1    Str: 16    XL:     11   Next: 1%
Magic:  12/12      EV: 27    Int: 17    God:    Okawaru [****..]
Gold:   389        SH:  0    Dex: 17    Spells: 10/10 levels left

rFire    . . .     SeeInvis .   b - +2 dagger (drain)
rCold    . . .     Gourm    .   (no shield)
rNeg     + + .     Faith    .   f - +0 hat
rPois    .         Spirit   .   (no amulet)
rElec    .         Reflect  .   t - +3 ring of evasion
rCorr    .         Harm     .   r - ring of positive energy
MR       .....     Rnd*Rage +   u - +1 ring of evasion
Stlth    ..........             v - +1 ring of evasion
HPRegen  0.30/turn              D - +2 ring of evasion
MPRegen  0.13/turn              C - +4 ring of intelligence
                                B - ring of positive energy
                                (no ring)

@: berserking (expiring), very quick
A: almost no armour, stealthy swim, amphibious, 8 rings, constrict 8, camouflage
1, berserk 1, high mp 1, gelatinous body 1
a: Heroism, Renounce Religion


You were on level 9 of the Dungeon.
You worshipped Okawaru.
Okawaru was greatly pleased with you.
You were not hungry.

You visited 2 branches of the dungeon, and saw 10 of its levels.

You collected 686 gold pieces.
You spent 297 gold pieces at shops.

Inventory:

Hand Weapons
 a - a +1 hand crossbow
 b - a +2 dagger of draining (weapon)
 q - a +0 short sword
Missiles
 c - 41 bolts
Armour
 f - a +0 hat (worn)
Jewellery
 o - an uncursed ring of fire
 r - a ring of positive energy (right tentacle)
 t - a +3 ring of evasion (left tentacle)
 u - a +1 ring of evasion (on tentacle)
 v - a +1 ring of evasion (on tentacle)
 B - a ring of positive energy (on tentacle)
 C - a +4 ring of intelligence (on tentacle)
 D - a +2 ring of evasion (on tentacle)
Scrolls
 e - 4 scrolls of noise
 h - a scroll of enchant armour
 i - 11 scrolls of remove curse
 j - 7 scrolls of teleportation
 k - 3 scrolls of amnesia
 l - 2 scrolls of immolation
 m - 4 scrolls of blinking
 n - a scroll of enchant weapon
 p - a scroll of holy word
 y - a scroll of fog
 G - a scroll of fear
Potions
 s - a potion of haste {unknown}
 w - 2 potions of curing {unknown}
 A - 3 potions of agility {unknown}
 E - a potion of invisibility {unknown}
 F - a potion of degeneration {unknown}
 H - 3 potions of heal wounds
 I - a potion of magic {unknown}
Comestibles
 d - 17 rations


   Skills:
 * Level 9.0 Fighting
 * Level 9.7 Crossbows
 * Level 9.1 Dodging
 + Level 9.0 Stealth


You had 10 spell levels left.
You didn't know any spells.
Your spell library contained the following spells:

 Spells                   Type           Power        Failure   Level  Hunger
 Confusing Touch          Hex            #.....       24%         1    ##.....
 Confuse                  Hex            #.......     56%         3    ####...
 Gell's Gravitas          Tloc           #.........   56%         3    ####...
 Petrify                  Tmut/Erth      #.......     93%         4    #####..
 Metabolic Englaciation   Hex/Ice        #.........   100%        5    ######.
 Yara's Violent Unravell  Hex/Tmut       #.........   100%        5    ######.


Dungeon Overview and Level Annotations

Branches:
Dungeon (9/15)             Temple (1/1) D:4            Lair (0/6) D:9
    Orc (0/2) D:9

Altars:
Ashenzari
Cheibriados
Elyvilon
Fedhas
Gozag
Hepliaklqana
Kikubaaqudgha
Makhleb
Nemelex Xobeh
Okawaru
Qazlal
Ru
Sif Muna
Uskayaw
Vehumet
Wu Jian
Xom
Yredelemnul
Zin
The Shining One
Beogh

Shops:
D:4 }   D:5 =

Annotations:
D:8 3 runed translucent doors, Nr616's ghost, novice TrHu


Innate Abilities, Weirdness & Mutations

You cannot wear most types of armour.
You are very stealthy in the water. (Stealth+)
You are amphibious.
You can wear up to eight rings at the same time.
You can use your tentacles to constrict eight enemies at once.
Your skin changes colour to match your surroundings (Stealth+).
Your rubbery body absorbs attacks. (AC +1, EV +1)
You tend to lose your temper in combat.
You have an increased reservoir of magic. (+10% MP)


Message History

The orc warrior hits you with a +0 halberd!
* * * LOW HITPOINT WARNING * * *
Things that are here:
a +0 trident; a +0 chain mail; an orc corpse You hit the orc warrior.
You grab the orc warrior.
You squeeze the orc warrior, but do no damage.
The orc warrior is moderately wounded.
You constrict the orc warrior, but do no damage.
You hit the orc warrior.
The orc warrior is moderately wounded.
You constrict the orc warrior.
The orc warrior hits you with a +0 halberd!
* * * LOW HITPOINT WARNING * * *
You are too berserk!
You hit the orc warrior but do no damage.
You drain the orc warrior. You squeeze the orc warrior!
The orc warrior is almost dead.
You constrict the orc warrior.
The orc warrior hits you with a +0 halberd!
You die...

.......#.....##...#...>#.........
.......#.._..#'...#....#.........
..###..#...o.####.###..######.###
..######.O..o####.###..##..######
...# ###o###.....'.......'...'.
...# #8...8#.....#.......#...#.
...# #.....####'###..##..###.##
##'#####..>...###)###..##..###'##
...##......)[[.o@)#.........#....
...........).#....#.........'....
...########..##...##........#....
...##...###..##...##...>....#....
.........#........#....##...#..#.
...##....#........#....#########.
...##...##...##...##....# #..
...##...##...###'###....# #..
........................# #..


You could see an orc warrior.

Vanquished Creatures
  A two-headed ogre (D:9)
  A troll (D:9)
  A hippogriff (D:8)
  Sigmund (D:3)
  A wyvern (D:8)
  2 humans (D:8)
  Menkaure (D:5)
  Grum (D:8)
  2 wargs
  2 water moccasins
  2 black bears (D:6)
  2 ice beasts
  4 orc warriors
  2 sky beasts (D:8)
  A phantom (D:9)
  A centaur (D:9)
  5 ogres
  3 wolves (D:8)
  7 bullfrogs
  3 scorpions
  5 killer bees (D:9)
  4 howler monkeys (D:8)
  5 crimson imps
  3 bullfrog zombies
  A quasit (D:9)
  2 bullfrog skeletons
  A jelly (D:9)
  3 hounds (D:8)
  7 orc priests
  Crazy Yiuf (D:5)
  4 centaur skeletons
  An iguana (D:4)
  7 orc wizards
  7 worker ants
  2 hound skeletons
  A worker ant zombie (D:6)
  Robin (D:3)
  2 howler monkey skeletons
  4 gnolls (D:5)
  6 adders
  3 shadow imps
  2 oozes
  5 worms
  A dart slug (D:5)
  9 leopard geckos
  30 orcs
  4 giant cockroaches
  18 goblins
  9 hobgoblins
  12 jackals
  4 quokkas
  2 ball pythons
  8 bats
  6 frilled lizards
  2 jackal zombies
  2 kobolds
  2 leopard gecko skeletons
  A quokka skeleton (D:6)
  2 quokka zombies
  5 rats
237 creatures vanquished.

Vanquished Creatures (others)
  A withered plant (D:6)
1 creature vanquished.

Grand Total: 238 creatures vanquished

Notes
Turn   | Place    | Note
-------+----------+-------------------------------------------
     0 | D:1      | HEYYEYAAE the Octopode Hunter began the quest for the Orb.
     0 | D:1      | Reached XP level 1. HP: 14/14 MP: 1/1
   115 | D:1      | Reached XP level 2. HP: 17/19 MP: 2/2
   250 | D:1      | Reached XP level 3. HP: 21/25 MP: 3/3
   745 | D:2      | Reached XP level 4. HP: 24/30 MP: 4/4
   776 | D:2      | Found a blossoming altar of Fedhas.
  1350 | D:3      | Noticed Sigmund
  1527 | D:3      | Reached XP level 5. HP: 26/36 MP: 5/5
  1717 | D:3      | Killed Sigmund
  1717 | D:3      | Reached skill level 5 in Crossbows
  1717 | D:3      | Reached XP level 6. HP: 31/43 MP: 6/6
  1993 | D:3      | Identified the cursed +0 helmet of Eddugisch {rN+}
  1993 | D:3      | Noticed Robin
  2024 | D:3      | Gained mutation: You tend to lose your temper in combat.
                  | [potion of mutation]
  2024 | D:3      | Gained mutation: You have an increased reservoir of magic.
                  | (+10% MP) [potion of mutation]
  2320 | D:3      | Killed Robin
  2810 | D:4      | Reached XP level 7. HP: 24/48 MP: 7/7
  3257 | D:4      | Found Femia's Gadget Emporium.
  3422 | D:4      | Found a staircase to the Ecumenical Temple.
  3435 | Temple   | Entered the Ecumenical Temple
  3507 | Temple   | Became a worshipper of Warmaster Okawaru
  3609 | D:5      | Entered Level 5 of the Dungeon
  3664 | D:5      | Found a shattered altar of Ashenzari.
  3952 | D:5      | Found a runed translucent door.
  3953 | D:5      | Noticed Crazy Yiuf
  4019 | D:5      | Reached skill level 5 in Dodging
  4055 | D:5      | Noticed Menkaure
  4060 | D:5      | Killed Menkaure
  4060 | D:5      | Reached skill level 5 in Fighting
  4060 | D:5      | Reached skill level 5 in Stealth
  4060 | D:5      | Reached XP level 8. HP: 16/55 MP: 8/8
  4318 | D:5      | Found Muox's Jewellery Emporium.
  4401 | D:5      | Reached * piety under Okawaru
  4496 | D:5      | Found a glowing silver altar of Zin.
  4720 | D:5      | Found a white marble altar of Elyvilon.
  4973 | D:5      | Bought a +3 ring of evasion for 231 gold pieces
  4975 | D:5      | Bought a +1 ring of evasion for 33 gold pieces
  4975 | D:5      | Bought a +1 ring of evasion for 33 gold pieces
  5203 | D:5      | Killed Crazy Yiuf
  6058 | D:7      | Reached XP level 9. HP: 56/62 MP: 9/9
  6119 | D:7      | Reached ** piety under Okawaru
  7450 | D:6      | Found a deep blue altar of Sif Muna.
  7606 | D:6      | Found a burning altar of Makhleb.
  7606 | D:6      | Noticed a cacodemon
  7936 | D:8      | Reached *** piety under Okawaru
  8303 | D:8      | Reached XP level 10. HP: 71/71 MP: 11/11
  8344 | D:8      | Noticed Grum
  8603 | D:8      | Found an iron altar of Okawaru.
  8662 | D:8      | Killed Grum
  8797 | D:8      | Reached **** piety under Okawaru
  8860 | D:8      | Found a runed translucent gate.
  8860 | D:8      | Found a runed translucent gate.
  8860 | D:8      | Found a runed translucent gate.
  8861 | D:8      | Noticed Nr616's ghost (novice TrHu)
  9235 | D:9      | Received a gift from Okawaru
  9407 | D:9      | Found a staircase to the Orcish Mines.
  9412 | D:9      | Noticed a two-headed ogre
  9431 | D:9      | Killed a two-headed ogre
  9668 | D:9      | Found a staircase to the Lair.
 10203 | D:9      | Found a roughly hewn altar of Beogh.
 10235 | D:9      | Reached XP level 11. HP: 64/80 MP: 12/12
 10242 | D:9      | HP: 1/120 [orc warrior/+0 halberd (11)]
 10243 | D:9      | Slain by an orc warrior

Skill      XL: |  1  2  3  4  5  6  7  8  9 10 |
---------------+-------------------------------+-----
Stealth        | 2 3 4 5 6 7 9 |  9.0
Dodging        | 3 4 5 6 7 9 |  9.1
Fighting       | 3 4 5 6 7 9 |  9.0
Crossbows      | 5 6 7 8 9 |  9.7

Action                   |  1- 3 |  4- 6 |  7- 9 | 10-12 || total
-------------------------+-------+-------+-------+-------++-------
Melee: Dagger            |       |   129 |   307 |   220 ||   656
       Constrict         |       |    26 |    55 |    31 ||   112
       Tentacles         |       |    26 |    79 |    51 ||   156
 Fire: Hand crossbow     |    66 |     5 |     4 |       ||    75
Evoke: Wand              |       |       |     3 |     5 ||     8
  Use: Potion            |       |     5 |       |       ||     5
       Scroll            |       |     1 |     8 |     4 ||    13
 Stab: Sleeping          |       |     6 |    18 |    11 ||    35
       Paralysed         |       |       |     3 |     2 ||     5
       Distracted        |       |       |       |     1 ||     1
  Eat: Chunk             |       |     5 |     7 |     5 ||    17
       Ration            |       |       |     3 |     1 ||     4
Armor: Skin              |     1 |     8 |     8 |     8 ||    25
Dodge: Dodged            |    10 |    91 |   275 |   278 ||   654
